Canucks vs Stars

Created - 27 mars 2017 at 21:06

Goals
1 2 3 T
Canucks 0 2 1 3
Stars 2 0 0 2
Shots
1 2 3 T
Canucks 10 6 11 27
Stars 5 14 13 32

1st period

1. Stars , Scott Hartnell 23 (John Tavares, Radim Vrbata) at 17:31
2. Stars , Michael Frolik 21 (Ryan Getzlaf) at 19:34

Penalties :
Matt Stajan (Van) for Hooking (Minor) at 3:23, Radim Vrbata (Dal) for Interference (Minor) at 6:18

2nd period

3. Canucks , Nigel Dawes 1 (Patrick Eaves, Alex Goligoski) at 0:51
4. Canucks , Mike Ribeiro 22 (Maxim Afinogenov) at 15:00 (PP)

Penalties :
Maxim Lapierre (Van) for Roughing (Minor) at 10:09, Scottie Upshall (Dal) for Tripping (Minor) at 14:56, Scottie Upshall (Dal) for Hooking (Minor) at 15:55

3rd period

5. Canucks , Matt Stajan 20 (Maxim Afinogenov) at 16:39

Penalties :
Mike Ribeiro (Van) for Hooking (Minor) at 0:11, Alex Goligoski (Van) for Hooking (Minor) at 4:05, Trevor Daley (Dal) for Holding (Minor) at 17:11

Goalie Stats

Brent Krahn (Van), 30 saves from 32 shots - (0,938), W, 8-7-2, 60:00 minutes
Miika Kiprusoff (Dal), 24 saves from 27 shots - (0,889), L, 9-6-0, 60:00 minutes

Players Stats for Canucks

Player Name              G  A  P  +/- PIM S  H  SB GA TA FO     MP     PP MP  PK MP  
------------------------------------------------------------------------------------
Alex Goligoski           0  1  1   1  2   1  0  3  0  1  0/0    26:10   3:30   3:38 
Alex Tanguay             0  0  0   0  0   1  3  0  0  0  0/0    13:34   0:00   2:48 
Ben Lovejoy              0  0  0   1  0   1  2  4  0  0  0/0    27:24   3:30   4:58 
Brendon Nash             0  0  0   0  0   1  0  1  0  2  0/0    13:53   0:00   1:23 
Clarke MacArthur         0  0  0   0  0   2  0  0  0  0  0/0    10:34   2:46   0:11 
Jiri Hudler              0  0  0   1  0   3  0  0  0  0  1/1    15:33   0:00   1:48 
Martin St. Louis         0  0  0   0  0   1  1  0  1  0  1/1    10:05   2:46   0:00 
Matt Stajan              1  0  1   1  2   4  2  3  0  0  2/10   17:07   2:46   1:35 
Maxim Afinogenov         0  2  2   1  0   1  2  1  0  0  0/0    17:27   3:15   1:18 
Maxim Lapierre           0  0  0   0  2   0  3  0  0  0  3/5    10:57   0:00   0:46 
Mike Ribeiro             1  0  1  -1  2   4  2  2  0  1  12/26  22:22   3:15   3:01 
Milan Michalek           0  0  0   0  0   1  1  0  0  0  1/4     8:21   3:15   4:25 
Nigel Dawes              1  0  1  -1  0   2  2  1  0  0  3/3    15:27   0:00   0:00 
Nikolai Zherdev          0  0  0   0  0   1  2  0  1  0  1/2    15:00   0:00   0:00 
Patrick Eaves            0  1  1  -1  0   1  1  1  0  0  0/0    15:27   0:00   0:00 
Ryan Parent              0  0  0   0  0   0  0  0  0  0  0/0    13:16   0:00   0:46 
Sami Lepisto             0  0  0  -1  0   2  0  0  0  1  0/0    19:44   2:31   2:36 
Tom Poti                 0  0  0  -1  0   1  1  1  0  0  0/0    19:39   2:31   2:31 

Players Stats for Stars

Player Name              G  A  P  +/- PIM S  H  SB GA TA FO     MP     PP MP  PK MP  
------------------------------------------------------------------------------------
Andrei Markov            0  0  0   0  0   0  3  1  1  0  0/0    17:53   0:00   4:12 
Brian Lee                0  0  0   0  0   1  3  2  0  0  0/0    23:03   4:23   1:49 
Chris Kunitz             0  0  0   0  0   0  0  0  0  0  0/0    12:26   0:41   3:39 
Evgeny Artyukhin         0  0  0  -2  0   1  2  0  0  0  0/0    11:37   0:41   0:00 
John Tavares             0  1  1   1  0   2  3  0  1  0  17/29  19:25   4:20   0:31 
Johnny Oduya             0  0  0   0  0   1  1  1  0  0  0/0    19:11   3:33   0:00 
Marcus Kruger            0  0  0   0  0   3  1  0  0  0  0/2    10:08   0:18   1:51 
Michael Frolik           1  0  1   1  0   2  0  0  1  0  0/0    15:21   2:55   0:00 
Michal Handzus           0  0  0  -2  0   3  5  0  0  0  7/16   14:43   0:00   3:39 
Paul Martin              0  0  0   0  0   0  0  0  0  0  0/0    20:53   3:33   1:49 
Peter Worrell            0  0  0  -2  0   4  1  0  0  2  0/0    11:27   0:00   0:31 
Radim Vrbata             0  1  1   1  2   7  2  0  0  0  0/0    19:01   4:20   0:00 
Ryan Getzlaf             0  1  1   1  0   3  1  0  0  0  4/5    15:21   2:55   0:00 
Scott Hartnell           1  0  1   1  0   1  1  0  2  0  0/0    18:54   4:20   0:00 
Scottie Upshall          0  0  0   1  4   0  2  0  0  0  0/0    15:20   2:55   0:00 
Shaone Morrisonn         0  0  0   0  0   0  2  1  0  0  0/0    17:53   0:00   4:12 
T.J. Oshie               0  0  0   0  0   2  1  0  0  0  0/0    10:13   0:23   1:51 
Trevor Daley             0  0  0   0  2   2  0  2  0  0  0/0    21:06   4:23   0:00 

3 Stars

1 - Maxim Afinogenov (Van)
2 - Scott Hartnell (Dal)
3 - Michael Frolik (Dal)

Power Play

Canucks - 1 on 4 Attempt(s) - 25,00%
Stars - 0 on 4 Attempt(s) - 0,00%

Penalty Kill

Canucks - 4 on 4 Attempt(s) - 100,00% - Score 0 goal in Penalty Kill
Stars - 3 on 4 Attempt(s) - 75,00% - Score 0 goal in Penalty Kill

Team Stat

Canucks - Hits : 22 - Faceoff Wins : 24 - Blocked Shots : 17 - Penalty Minutes : 8
Stars - Hits : 28 - Faceoff Wins : 28 - Blocked Shots : 7 - Penalty Minutes : 8

Official

Referees : McCauley Wes and O'Halloran Dan
Linesman : Pierre Racicot and Shane Heyer

Game Notes

No Game Note

Finance

Level 1 -- Attendance: 6000 (100,00%) -- Ticket Income 360 000 $
Level 2 -- Attendance: 5000 (100,00%) -- Ticket Income 250 000 $
Level 3 -- Attendance: 1323 (66,15%) -- Ticket Income 52 920 $
Level 4 -- Attendance: 3035 (75,88%) -- Ticket Income 75 875 $
Luxury Box -- Attendance: 952 (95,20%) -- Ticket Income 104 720 $
Game was played at the American Airlines Center.
Total Attendance: 16310 (90,61%)
Total Ticket Income: 843 515 $
Other Income: 126 527 $
Total Income: 970 042 $

Canucks

5 vs 5 Forward 
   Center                   Left Wing                Right Wing               Time % Phy DF OF 
 1 Mike Ribeiro             Nigel Dawes              Patrick Eaves            40     1   2  2  
 2 Matt Stajan              Jiri Hudler              Maxim Afinogenov         30     1   2  2  
 3 Maxim Lapierre           Alex Tanguay             Nikolai Zherdev          20     1   2  2  
 4 Nikolai Zherdev          Clarke MacArthur         Martin St. Louis         10     1   2  2  

5 vs 5 Defense 
   Defense                  Defense                                           Time % Phy DF OF 
 1 Alex Goligoski           Ben Lovejoy                                       40     1   2  2  
 2 Tom Poti                 Sami Lepisto                                      30     1   2  2  
 3 Ryan Parent              Brendon Nash                                      20     1   2  2  
 4 Alex Goligoski           Ben Lovejoy                                       10     1   2  2  

PowerPlay Forward 
   Center                   Left Wing                Right Wing               Time % Phy DF OF 
 1 Mike Ribeiro             Milan Michalek           Maxim Afinogenov         60     1   2  2  
 2 Matt Stajan              Clarke MacArthur         Martin St. Louis         40     1   2  2  

PowerPlay Defense
   Defense                  Defense                                           Time % Phy DF OF 
 1 Alex Goligoski           Ben Lovejoy                                       60     1   2  2  
 2 Tom Poti                 Sami Lepisto                                      40     1   2  2  

Penalty Kill 4 Players Forward 
   Center                   Wing                     Time % Phy DF OF 
 1 Milan Michalek           Mike Ribeiro             60     1   2  2  
 2 Maxim Afinogenov         Matt Stajan              40     1   2  2  

Penalty Kill 4 Players Defense
   Defense                  Defense                  Time % Phy DF OF 
 1 Alex Goligoski           Ben Lovejoy              60     1   2  2  
 2 Tom Poti                 Sami Lepisto             40     1   2  2  

Penalty Kill - 3 Players Forward 
   Forward                                           Time % Phy DF OF 
 1 Milan Michalek                                    60     1   2  2  
 2 Mike Ribeiro                                      40     1   2  2  

Penalty Kill - 3 Players Defense
   Defense                  Defense                  Time % Phy DF OF 
 1 Alex Goligoski           Ben Lovejoy              60     1   2  2  
 2 Tom Poti                 Sami Lepisto             40     1   2  2  

4 vs 4 Forward 
   Center                   Wing                     Time % Phy DF OF 
 1 Milan Michalek           Mike Ribeiro             60     1   2  2  
 2 Maxim Afinogenov         Matt Stajan              40     1   2  2  

4 vs 4 Defense
   Defense                  Defense                  Time % Phy DF OF 
 1 Alex Goligoski           Ben Lovejoy              60     1   2  2  
 2 Tom Poti                 Sami Lepisto             40     1   2  2  

Last Minutes Offensive
   Center                   Left Wing                Right Wing               Defense                  Defense                  
   Mike Ribeiro             Milan Michalek           Maxim Afinogenov         Alex Goligoski           Ben Lovejoy              

Last Minutes Defensive
   Center                   Left Wing                Right Wing               Defense                  Defense                  
   Mike Ribeiro             Milan Michalek           Maxim Afinogenov         Alex Goligoski           Ben Lovejoy              

Goaltenders
Starting : Brent Krahn              
Backup : Carey Price              

Extra Forwards
Normal : Nikolai Zherdev, Alex Tanguay, Jiri Hudler - PP : Nikolai Zherdev, Alex Tanguay - PK : Jiri Hudler
Extra Defensemen
Normal : Ryan Parent, Brendon Nash, Tom Poti - PP : Ryan Parent - PK : Brendon Nash, Tom Poti
Penalty Shots
Milan Michalek, Mike Ribeiro, Maxim Afinogenov, Matt Stajan, Martin St. Louis

Stars

5 vs 5 Forward 
   Center                   Left Wing                Right Wing               Time % Phy DF OF 
 1 John Tavares             Scott Hartnell           Radim Vrbata             38     0   2  3  
 2 Ryan Getzlaf             Scottie Upshall          Michael Frolik           30     1   2  2  
 3 Michal Handzus           Peter Worrell            Evgeny Artyukhin         20     1   2  2  
 4 Marcus Kruger            Chris Kunitz             T.J. Oshie               12     1   2  2  

5 vs 5 Defense 
   Defense                  Defense                                           Time % Phy DF OF 
 1 Brian Lee                Trevor Daley                                      40     1   2  2  
 2 Paul Martin              Johnny Oduya                                      33     1   2  2  
 3 Andrei Markov            Shaone Morrisonn                                  20     1   3  1  
 4 Andrei Markov            Shaone Morrisonn                                  7      1   3  1  

PowerPlay Forward 
   Center                   Left Wing                Right Wing               Time % Phy DF OF 
 1 John Tavares             Scott Hartnell           Radim Vrbata             60     0   1  4  
 2 Ryan Getzlaf             Scottie Upshall          Michael Frolik           40     0   2  3  

PowerPlay Defense
   Defense                  Defense                                           Time % Phy DF OF 
 1 Brian Lee                Trevor Daley                                      60     0   2  3  
 2 Paul Martin              Johnny Oduya                                      40     0   2  3  

Penalty Kill 4 Players Forward 
   Center                   Wing                     Time % Phy DF OF 
 1 Michal Handzus           Chris Kunitz             60     0   3  2  
 2 Marcus Kruger            T.J. Oshie               40     0   3  2  

Penalty Kill 4 Players Defense
   Defense                  Defense                  Time % Phy DF OF 
 1 Andrei Markov            Shaone Morrisonn         60     1   3  1  
 2 Paul Martin              Brian Lee                40     1   3  1  

Penalty Kill - 3 Players Forward 
   Forward                                           Time % Phy DF OF 
 1 Michal Handzus                                    60     0   3  2  
 2 T.J. Oshie                                        40     0   3  2  

Penalty Kill - 3 Players Defense
   Defense                  Defense                  Time % Phy DF OF 
 1 Brian Lee                Johnny Oduya             60     0   4  1  
 2 Paul Martin              Trevor Daley             40     0   4  1  

4 vs 4 Forward 
   Center                   Wing                     Time % Phy DF OF 
 1 John Tavares             Scott Hartnell           60     1   2  2  
 2 Ryan Getzlaf             Radim Vrbata             40     1   2  2  

4 vs 4 Defense
   Defense                  Defense                  Time % Phy DF OF 
 1 Brian Lee                Johnny Oduya             60     1   2  2  
 2 Paul Martin              Trevor Daley             40     1   2  2  

Last Minutes Offensive
   Center                   Left Wing                Right Wing               Defense                  Defense                  
   John Tavares             Scott Hartnell           Radim Vrbata             Brian Lee                Johnny Oduya             

Last Minutes Defensive
   Center                   Left Wing                Right Wing               Defense                  Defense                  
   John Tavares             Scott Hartnell           Radim Vrbata             Brian Lee                Johnny Oduya             

Goaltenders
Starting : Miika Kiprusoff          
Backup : Pascal Leclaire          

Extra Forwards
Normal : Evgeny Artyukhin, Scottie Upshall, Michal Handzus - PP : Evgeny Artyukhin, Scottie Upshall - PK : Michal Handzus
Extra Defensemen
Normal : Andrei Markov, Shaone Morrisonn, Paul Martin - PP : Andrei Markov - PK : Shaone Morrisonn, Paul Martin
Penalty Shots
John Tavares, Scott Hartnell, Peter Worrell, Radim Vrbata, Ryan Getzlaf

% Time on Ice - Canucks

Lines # - Real PCT - Wanted PCT - Time Play
Normal Forward
1 - 35% - 40% - 15:50
2 - 28% - 30% - 12:47
3 - 21% - 20% - 9:44
4 - 16% - 10% - 7:06
Normal Defense
1 - 40% - 40% - 18:10
2 - 32% - 30% - 14:37
3 - 25% - 20% - 11:17
4 - 3% - 10% - 1:23
PP Forward
1 - 54% - 60% - 3:15
2 - 46% - 40% - 2:46
PP Defense
1 - 58% - 60% - 3:30
2 - 42% - 40% - 2:31
PK Forward
1 - 80% - 60% - 6:22
2 - 20% - 40% - 1:34
PK Defense
1 - 63% - 60% - 4:59
2 - 37% - 40% - 2:57
PK3 Forward
1 - 0% - 60%
2 - 0% - 40%
PK3 Defense
1 - 0% - 60%
2 - 0% - 40%
44 Forward
1 - 0% - 60%
2 - 0% - 40%
44 Defense
1 - 0% - 60%
2 - 0% - 40%
Last Minute Offensive  - 0:00
Last Minute Defensive  - 0:36
Total
Forward - 60:00
Defense - 60:00

% Time on Ice - Stars

Lines # - Real PCT - Wanted PCT - Time Play
Normal Forward
1 - 31% - 38% - 13:53
2 - 28% - 30% - 12:27
3 - 24% - 20% - 10:56
4 - 18% - 12% - 7:58
Normal Defense
1 - 39% - 40% - 17:41
2 - 34% - 33% - 15:31
3 - 20% - 20% - 9:14
4 - 6% - 7% - 2:48
PP Forward
1 - 61% - 60% - 4:50
2 - 39% - 40% - 3:06
PP Defense
1 - 55% - 60% - 4:23
2 - 45% - 40% - 3:33
PK Forward
1 - 69% - 60% - 4:10
2 - 31% - 40% - 1:51
PK Defense
1 - 70% - 60% - 4:12
2 - 30% - 40% - 1:49
PK3 Forward
1 - 0% - 60%
2 - 0% - 40%
PK3 Defense
1 - 0% - 60%
2 - 0% - 40%
44 Forward
1 - 0% - 60%
2 - 0% - 40%
44 Defense
1 - 0% - 60%
2 - 0% - 40%
Last Minute Offensive  - 0:49
Last Minute Defensive  - 0:00
Total
Forward - 60:00
Defense - 60:00

Play by Play

1st period


0:01 of 1st period - John Tavares wins face-off versus Mike Ribeiro in neutral zone.
0:04 of 1st period - Snap shot by Radim Vrbata.
0:04 of 1st period - Stopped by Brent Krahn with a rebound.
0:26 of 1st period - Matt Stajan is hit by Ryan Getzlaf and loses puck.
0:57 of 1st period - Slapshot by Alex Goligoski.
0:57 of 1st period - Deflect By Alex Tanguay.
0:57 of 1st period - Stopped by Miika Kiprusoff with a rebound.
1:25 of 1st period - Wrist shot by Clarke MacArthur.
1:25 of 1st period - Stopped by Miika Kiprusoff without a rebound.
1:26 of 1st period - John Tavares wins face-off versus Nikolai Zherdev in Stars zone.
1:37 of 1st period - Snap shot by Clarke MacArthur.
1:37 of 1st period - Deflect By Nikolai Zherdev.
1:37 of 1st period - Shot Blocked by Andrei Markov.
1:37 of 1st period - Puck is out of play.
1:38 of 1st period - Matt Stajan wins face-off versus Ryan Getzlaf in Stars zone.
1:45 of 1st period - Wrist shot by Matt Stajan.
1:45 of 1st period - Stopped by Miika Kiprusoff without a rebound.
1:46 of 1st period - Ryan Getzlaf wins face-off versus Matt Stajan in Stars zone.
1:46 of 1st period - Ryan Getzlaf is hit by Maxim Afinogenov.
2:17 of 1st period - Wrist shot by Maxim Afinogenov.
2:17 of 1st period - Shot Misses the Net.
2:19 of 1st period - Slapshot by Tom Poti.
2:19 of 1st period - Shot Misses the Net.
2:21 of 1st period - Snap shot by Jiri Hudler.
2:21 of 1st period - Stopped by Miika Kiprusoff with a rebound.
2:23 of 1st period - Slapshot by Sami Lepisto.
2:23 of 1st period - Shot Hit the Post.
3:23 of 1st period - Minor Penalty to Matt Stajan for Hooking.
3:24 of 1st period - Milan Michalek wins face-off versus John Tavares in Canucks zone.
3:28 of 1st period - Wrist shot by Milan Michalek.
3:28 of 1st period - Stopped by Miika Kiprusoff with a rebound.
3:38 of 1st period - Wrist shot by Scott Hartnell.
3:38 of 1st period - Shot Blocked by Mike Ribeiro.
3:40 of 1st period - Wrist shot by Paul Martin.
3:40 of 1st period - Shot Blocked by Ben Lovejoy.
5:23 of 1st period - Penalty to Matt Stajan is over, Matt Stajan is back on ice.
5:59 of 1st period - Snap shot by Clarke MacArthur.
5:59 of 1st period - Stopped by Miika Kiprusoff without a rebound.
6:00 of 1st period - Mike Ribeiro wins face-off versus Marcus Kruger in Stars zone.
6:03 of 1st period - Snap shot by Mike Ribeiro.
6:03 of 1st period - Stopped by Miika Kiprusoff with a rebound.
6:05 of 1st period - Slapshot by Ben Lovejoy.
6:05 of 1st period - Stopped by Miika Kiprusoff with a rebound.
6:07 of 1st period - Snap shot by Mike Ribeiro.
6:07 of 1st period - Deflect By Andrei Markov.
6:07 of 1st period - Shot Misses the Net.
6:07 of 1st period - Puck is out of play.
6:08 of 1st period - Mike Ribeiro wins face-off versus John Tavares in Stars zone.
6:18 of 1st period - Minor Penalty to Radim Vrbata for Interference.
6:19 of 1st period - Michal Handzus wins face-off versus Mike Ribeiro in Stars zone.
6:25 of 1st period - Icing by Maxim Afinogenov.
6:26 of 1st period - Mike Ribeiro wins face-off versus Michal Handzus in Canucks zone.
6:32 of 1st period - Off-side.
6:33 of 1st period - Mike Ribeiro wins face-off versus Michal Handzus in neutral zone.
7:08 of 1st period - Sami Lepisto is hit by Shaone Morrisonn and loses puck.
7:43 of 1st period - Paul Martin is hit by Ben Lovejoy and loses puck.
8:14 of 1st period - Milan Michalek is hit by Michal Handzus and loses puck.
8:18 of 1st period - Penalty to Radim Vrbata is over, Radim Vrbata is back on ice.
10:42 of 1st period - Nigel Dawes is hit by Radim Vrbata and loses puck.
11:13 of 1st period - Clarke MacArthur is hit by Scottie Upshall and loses puck.
12:03 of 1st period - Jiri Hudler is hit by John Tavares and loses puck.
12:42 of 1st period - Ryan Parent is hit by T.J. Oshie and loses puck.
13:04 of 1st period - Ryan Parent is hit by John Tavares and loses puck.
13:19 of 1st period - Paul Martin is hit by Alex Tanguay and loses puck.
13:32 of 1st period - Icing by Tom Poti.
13:33 of 1st period - Nikolai Zherdev wins face-off versus Marcus Kruger in Canucks zone.
13:33 of 1st period - Nikolai Zherdev is hit by Shaone Morrisonn.
13:41 of 1st period - Andrei Markov is hit by Martin St. Louis and loses puck.
15:05 of 1st period - Wrist shot by T.J. Oshie.
15:05 of 1st period - Shot Blocked by Alex Goligoski.
15:33 of 1st period - Slapshot by Alex Goligoski.
15:33 of 1st period - Deflect By Jiri Hudler.
15:33 of 1st period - Stopped by Miika Kiprusoff with a rebound.
16:01 of 1st period - Snap shot by Scottie Upshall.
16:01 of 1st period - Shot Misses the Net.
16:25 of 1st period - Wrist shot by T.J. Oshie.
16:25 of 1st period - Shot Blocked by Nigel Dawes.
16:37 of 1st period - Shaone Morrisonn is hit by Nikolai Zherdev and loses puck.
16:49 of 1st period - Martin St. Louis is hit by Andrei Markov.
17:01 of 1st period - Snap shot by Matt Stajan.
17:01 of 1st period - Stopped by Miika Kiprusoff without a rebound.
17:02 of 1st period - John Tavares wins face-off versus Matt Stajan in Stars zone.
17:31 of 1st period - Snap shot by John Tavares.
17:31 of 1st period - Deflect By Scott Hartnell.
17:31 of 1st period - Goal by Scott Hartnell - Canucks : 0 - Stars : 1.
17:32 of 1st period - John Tavares wins face-off versus Mike Ribeiro in neutral zone.
17:49 of 1st period - Slapshot by Radim Vrbata.
17:49 of 1st period - Stopped by Brent Krahn with a rebound.
18:40 of 1st period - Snap shot by Clarke MacArthur.
18:40 of 1st period - Shot Blocked by Shaone Morrisonn.
19:30 of 1st period - Wrist shot by Ryan Getzlaf.
19:30 of 1st period - Stopped by Brent Krahn without a rebound.
19:31 of 1st period - Ryan Getzlaf wins face-off versus Mike Ribeiro in Canucks zone.
19:34 of 1st period - Snap shot by Michael Frolik.
19:34 of 1st period - Goal by Michael Frolik - Canucks : 0 - Stars : 2.
19:35 of 1st period - John Tavares wins face-off versus Mike Ribeiro in neutral zone.
19:35 of 1st period - John Tavares is hit by Nigel Dawes.
Goals for this period are 0 for Canucks vs 2 for Stars.
Shots for this period are 10 for Canucks vs 5 for Stars.

2nd period


0:01 of 2nd period - Mike Ribeiro wins face-off versus John Tavares in neutral zone.
0:06 of 2nd period - Slapshot by Mike Ribeiro.
0:06 of 2nd period - Stopped by Miika Kiprusoff without a rebound.
0:07 of 2nd period - John Tavares wins face-off versus Mike Ribeiro in Stars zone.
0:07 of 2nd period - John Tavares is hit by Mike Ribeiro.
0:12 of 2nd period - Off-side.
0:13 of 2nd period - John Tavares wins face-off versus Mike Ribeiro in neutral zone.
0:17 of 2nd period - Snap shot by Radim Vrbata.
0:17 of 2nd period - Stopped by Brent Krahn without a rebound.
0:18 of 2nd period - Mike Ribeiro wins face-off versus John Tavares in Canucks zone.
0:51 of 2nd period - Snap shot by Nigel Dawes.
0:51 of 2nd period - Goal by Nigel Dawes - Canucks : 1 - Stars : 2.
0:52 of 2nd period - Maxim Lapierre wins face-off versus John Tavares in neutral zone.
0:52 of 2nd period - Alex Goligoski is hit by Brian Lee and loses puck.
1:07 of 2nd period - Snap shot by Ben Lovejoy.
1:07 of 2nd period - Deflect By Alex Tanguay.
1:07 of 2nd period - Shot Blocked by Brian Lee.
1:07 of 2nd period - Puck is out of play.
1:08 of 2nd period - Ryan Getzlaf wins face-off versus Mike Ribeiro in Stars zone.
1:21 of 2nd period - Snap shot by Michael Frolik.
1:21 of 2nd period - Shot Misses the Net.
1:35 of 2nd period - Nikolai Zherdev is hit by John Tavares and loses puck.
2:01 of 2nd period - Snap shot by Michal Handzus.
2:01 of 2nd period - Shot Blocked by Matt Stajan.
2:03 of 2nd period - Snap shot by Peter Worrell.
2:03 of 2nd period - Shot Blocked by Matt Stajan.
2:05 of 2nd period - Backhand shot by Peter Worrell.
2:05 of 2nd period - Shot Blocked by Ben Lovejoy.
3:01 of 2nd period - Alex Tanguay is hit by Johnny Oduya and loses puck.
3:26 of 2nd period - Mike Ribeiro is hit by Evgeny Artyukhin.
4:08 of 2nd period - Slapshot by Michael Frolik.
4:08 of 2nd period - Shot Misses the Net.
4:10 of 2nd period - Wrist shot by Michael Frolik.
4:10 of 2nd period - Shot Misses the Net.
4:12 of 2nd period - Wrist shot by Michael Frolik.
4:12 of 2nd period - Shot Misses the Net.
4:14 of 2nd period - Slapshot by Ryan Getzlaf.
4:14 of 2nd period - Stopped by Brent Krahn without a rebound.
4:15 of 2nd period - Mike Ribeiro wins face-off versus John Tavares in Canucks zone.
4:30 of 2nd period - Snap shot by Radim Vrbata.
4:30 of 2nd period - Stopped by Brent Krahn with a rebound.
4:32 of 2nd period - Slapshot by Trevor Daley.
4:32 of 2nd period - Shot Misses the Net.
4:42 of 2nd period - Mike Ribeiro is hit by Brian Lee and loses puck.
5:05 of 2nd period - Wrist shot by Evgeny Artyukhin.
5:05 of 2nd period - Stopped by Brent Krahn with a rebound.
5:07 of 2nd period - Slapshot by Paul Martin.
5:07 of 2nd period - Deflect By Michal Handzus.
5:07 of 2nd period - Stopped by Brent Krahn without a rebound.
5:08 of 2nd period - Michal Handzus wins face-off versus Matt Stajan in Canucks zone.
5:11 of 2nd period - Slapshot by Brian Lee.
5:11 of 2nd period - Shot Blocked by Matt Stajan.
5:13 of 2nd period - Wrist shot by Peter Worrell.
5:13 of 2nd period - Stopped by Brent Krahn with a rebound.
5:15 of 2nd period - Snap shot by Michal Handzus.
5:15 of 2nd period - Deflect By Peter Worrell.
5:15 of 2nd period - Stopped by Brent Krahn with a rebound.
5:17 of 2nd period - Slapshot by Brian Lee.
5:17 of 2nd period - Shot Blocked by Tom Poti.
5:19 of 2nd period - Slapshot by Trevor Daley.
5:19 of 2nd period - Stopped by Brent Krahn with a rebound.
5:21 of 2nd period - Slapshot by Michal Handzus.
5:21 of 2nd period - Shot Blocked by Maxim Afinogenov.
5:23 of 2nd period - Backhand shot by Brian Lee.
5:23 of 2nd period - Shot Misses the Net.
6:32 of 2nd period - Ben Lovejoy is hit by Evgeny Artyukhin and loses puck.
6:59 of 2nd period - Snap shot by John Tavares.
6:59 of 2nd period - Stopped by Brent Krahn with a rebound.
7:05 of 2nd period - Johnny Oduya is hit by Alex Tanguay and loses puck.
7:46 of 2nd period - Wrist shot by Michael Frolik.
7:46 of 2nd period - Shot Misses the Net.
8:15 of 2nd period - Icing by Patrick Eaves.
8:16 of 2nd period - John Tavares wins face-off versus Mike Ribeiro in Canucks zone.
8:17 of 2nd period - Wrist shot by Scott Hartnell.
8:17 of 2nd period - Shot Blocked by Mike Ribeiro.
8:19 of 2nd period - Snap shot by Scott Hartnell.
8:19 of 2nd period - Shot Blocked by Patrick Eaves.
8:21 of 2nd period - Wrist shot by Radim Vrbata.
8:21 of 2nd period - Stopped by Brent Krahn without a rebound.
8:22 of 2nd period - Matt Stajan wins face-off versus John Tavares in Canucks zone.
8:27 of 2nd period - Wrist shot by John Tavares.
8:27 of 2nd period - Shot Blocked by Brendon Nash.
8:51 of 2nd period - Andrei Markov is hit by Mike Ribeiro and loses puck.
8:56 of 2nd period - Snap shot by Mike Ribeiro.
8:56 of 2nd period - Stopped by Miika Kiprusoff without a rebound.
8:57 of 2nd period - Nigel Dawes wins face-off versus Michal Handzus in Stars zone.
9:04 of 2nd period - Slapshot by Brian Lee.
9:04 of 2nd period - Shot Misses the Net.
9:06 of 2nd period - Wrist shot by Michal Handzus.
9:06 of 2nd period - Shot Misses the Net.
9:08 of 2nd period - Wrist shot by Michal Handzus.
9:08 of 2nd period - Stopped by Brent Krahn without a rebound.
9:09 of 2nd period - Nigel Dawes wins face-off versus John Tavares in Canucks zone.
9:35 of 2nd period - Alex Tanguay is hit by Scottie Upshall and loses puck.
9:44 of 2nd period - Wrist shot by Maxim Lapierre.
9:44 of 2nd period - Shot Misses the Net.
10:09 of 2nd period - Minor Penalty to Maxim Lapierre for Roughing.
10:10 of 2nd period - John Tavares wins face-off versus Milan Michalek in Canucks zone.
10:10 of 2nd period - Snap shot by Scott Hartnell.
10:10 of 2nd period - Shot Misses the Net.
10:12 of 2nd period - Snap shot by Scott Hartnell.
10:12 of 2nd period - Shot Blocked by Alex Goligoski.
10:16 of 2nd period - Snap shot by Radim Vrbata.
10:16 of 2nd period - Stopped by Brent Krahn with a rebound.
10:18 of 2nd period - Slapshot by Trevor Daley.
10:18 of 2nd period - Deflect By John Tavares.
10:18 of 2nd period - Stopped by Brent Krahn without a rebound.
10:19 of 2nd period - John Tavares wins face-off versus Milan Michalek in Canucks zone.
10:46 of 2nd period - Slapshot by Michael Frolik.
10:46 of 2nd period - Shot Misses the Net.
12:04 of 2nd period - Ryan Getzlaf is hit by Matt Stajan and loses puck.
12:09 of 2nd period - Penalty to Maxim Lapierre is over, Maxim Lapierre is back on ice.
12:13 of 2nd period - Snap shot by Matt Stajan.
12:13 of 2nd period - Shot Blocked by Brian Lee.
12:15 of 2nd period - Slapshot by Tom Poti.
12:15 of 2nd period - Deflect By Maxim Afinogenov.
12:15 of 2nd period - Shot Misses the Net.
12:15 of 2nd period - Puck is out of play.
12:16 of 2nd period - Michal Handzus wins face-off versus Maxim Lapierre in Stars zone.
12:16 of 2nd period - Michal Handzus is hit by Maxim Lapierre.
12:26 of 2nd period - Brendon Nash is hit by Michal Handzus and loses puck.
13:07 of 2nd period - Matt Stajan is hit by Scott Hartnell.
14:06 of 2nd period - Snap shot by Marcus Kruger.
14:06 of 2nd period - Shot Misses the Net.
14:12 of 2nd period - Wrist shot by Marcus Kruger.
14:12 of 2nd period - Stopped by Brent Krahn without a rebound.
14:13 of 2nd period - John Tavares wins face-off versus Matt Stajan in Canucks zone.
14:56 of 2nd period - Minor Penalty to Scottie Upshall for Tripping.
14:57 of 2nd period - Mike Ribeiro wins face-off versus Michal Handzus in Stars zone.
15:00 of 2nd period - Wrist shot by Mike Ribeiro.
15:00 of 2nd period - Goal by Mike Ribeiro - Canucks : 2 - Stars : 2.
15:01 of 2nd period - Mike Ribeiro wins face-off versus John Tavares in neutral zone.
15:04 of 2nd period - Scott Hartnell is hit by Patrick Eaves and loses puck.
15:18 of 2nd period - Snap shot by John Tavares.
15:18 of 2nd period - Shot Blocked by Ben Lovejoy.
15:55 of 2nd period - Minor Penalty to Scottie Upshall for Hooking.
15:56 of 2nd period - Michal Handzus wins face-off versus Matt Stajan in Stars zone.
16:04 of 2nd period - Slapshot by Sami Lepisto.
16:04 of 2nd period - Stopped by Miika Kiprusoff with a rebound.
17:07 of 2nd period - Icing by Milan Michalek.
17:08 of 2nd period - Michal Handzus wins face-off versus Mike Ribeiro in Canucks zone.
17:55 of 2nd period - Penalty to Scottie Upshall is over, Scottie Upshall is back on ice.
19:25 of 2nd period - Snap shot by Martin St. Louis.
19:25 of 2nd period - Stopped by Miika Kiprusoff with a rebound.
Goals for this period are 2 for Canucks vs 0 for Stars.
Shots for this period are 6 for Canucks vs 14 for Stars.

3rd period


0:01 of 3rd period - John Tavares wins face-off versus Mike Ribeiro in neutral zone.
0:11 of 3rd period - Minor Penalty to Mike Ribeiro for Hooking.
0:12 of 3rd period - Jiri Hudler wins face-off versus John Tavares in Canucks zone.
0:18 of 3rd period - Wrist shot by Milan Michalek.
0:18 of 3rd period - Deflect By Jiri Hudler.
0:18 of 3rd period - Stopped by Miika Kiprusoff with a rebound.
0:20 of 3rd period - Slapshot by Alex Goligoski.
0:20 of 3rd period - Stopped by Miika Kiprusoff with a rebound.
0:50 of 3rd period - Wrist shot by Michael Frolik.
0:50 of 3rd period - Deflect By Ryan Getzlaf.
0:50 of 3rd period - Shot Misses the Net.
0:50 of 3rd period - Puck is out of play.
0:51 of 3rd period - John Tavares wins face-off versus Matt Stajan in Canucks zone.
0:52 of 3rd period - Wrist shot by Radim Vrbata.
0:52 of 3rd period - Stopped by Brent Krahn with a rebound.
0:54 of 3rd period - Wrist shot by John Tavares.
0:54 of 3rd period - Shot Misses the Net.
0:56 of 3rd period - Slapshot by Paul Martin.
0:56 of 3rd period - Deflect By John Tavares.
0:56 of 3rd period - Shot Misses the Net.
0:56 of 3rd period - Puck is out of play.
0:57 of 3rd period - John Tavares wins face-off versus Matt Stajan in Canucks zone.
1:30 of 3rd period - Snap shot by Michael Frolik.
1:30 of 3rd period - Stopped by Brent Krahn with a rebound.
2:11 of 3rd period - Penalty to Mike Ribeiro is over, Mike Ribeiro is back on ice.
2:26 of 3rd period - Slapshot by Chris Kunitz.
2:26 of 3rd period - Shot Misses the Net.
2:28 of 3rd period - Slapshot by Trevor Daley.
2:28 of 3rd period - Stopped by Brent Krahn without a rebound.
2:29 of 3rd period - Nigel Dawes wins face-off versus Michal Handzus in Canucks zone.
2:41 of 3rd period - Wrist shot by Patrick Eaves.
2:41 of 3rd period - Stopped by Miika Kiprusoff with a rebound.
2:43 of 3rd period - Slapshot by Ben Lovejoy.
2:43 of 3rd period - Shot Misses the Net.
2:53 of 3rd period - Nikolai Zherdev is hit by Andrei Markov and loses puck.
3:52 of 3rd period - Sami Lepisto is hit by Michal Handzus and loses puck.
4:02 of 3rd period - Snap shot by Michal Handzus.
4:02 of 3rd period - Stopped by Brent Krahn without a rebound.
4:03 of 3rd period - Mike Ribeiro wins face-off versus John Tavares in Canucks zone.
4:05 of 3rd period - Minor Penalty to Alex Goligoski for Hooking.
4:06 of 3rd period - John Tavares wins face-off versus Milan Michalek in Canucks zone.
5:48 of 3rd period - Scottie Upshall is hit by Alex Tanguay and loses puck.
6:05 of 3rd period - Penalty to Alex Goligoski is over, Alex Goligoski is back on ice.
6:17 of 3rd period - Ryan Parent is hit by Michal Handzus and loses puck.
6:26 of 3rd period - Evgeny Artyukhin is hit by Nikolai Zherdev and loses puck.
7:15 of 3rd period - Evgeny Artyukhin is hit by Maxim Lapierre and loses puck.
7:30 of 3rd period - Slapshot by Brendon Nash.
7:30 of 3rd period - Stopped by Miika Kiprusoff with a rebound.
7:36 of 3rd period - Snap shot by Matt Stajan.
7:36 of 3rd period - Shot Misses the Net.
7:38 of 3rd period - Slapshot by Brendon Nash.
7:38 of 3rd period - Shot Misses the Net.
8:14 of 3rd period - Slapshot by Shaone Morrisonn.
8:14 of 3rd period - Shot Blocked by Alex Goligoski.
9:04 of 3rd period - Slapshot by Tom Poti.
9:04 of 3rd period - Shot Blocked by Trevor Daley.
9:30 of 3rd period - Snap shot by Nikolai Zherdev.
9:30 of 3rd period - Stopped by Miika Kiprusoff with a rebound.
9:42 of 3rd period - Snap shot by Evgeny Artyukhin.
9:42 of 3rd period - Deflect By Peter Worrell.
9:42 of 3rd period - Stopped by Brent Krahn without a rebound.
9:43 of 3rd period - Michal Handzus wins face-off versus Maxim Lapierre in Canucks zone.
10:14 of 3rd period - Paul Martin is hit by Nigel Dawes and loses puck.
10:25 of 3rd period - Snap shot by Peter Worrell.
10:25 of 3rd period - Stopped by Brent Krahn with a rebound.
10:27 of 3rd period - Slapshot by Paul Martin.
10:27 of 3rd period - Shot Misses the Net.
10:29 of 3rd period - Snap shot by Peter Worrell.
10:29 of 3rd period - Shot Blocked by Ben Lovejoy.
10:31 of 3rd period - Wrist shot by Johnny Oduya.
10:31 of 3rd period - Deflect By Ben Lovejoy.
10:31 of 3rd period - Stopped by Brent Krahn without a rebound.
10:32 of 3rd period - John Tavares wins face-off versus Mike Ribeiro in Canucks zone.
12:14 of 3rd period - Scottie Upshall is hit by Ben Lovejoy and loses puck.
12:31 of 3rd period - Michael Frolik is hit by Tom Poti.
12:41 of 3rd period - Slapshot by Ryan Getzlaf.
12:41 of 3rd period - Stopped by Brent Krahn with a rebound.
12:50 of 3rd period - Icing by Scottie Upshall.
12:51 of 3rd period - Ryan Getzlaf wins face-off versus Mike Ribeiro in Stars zone.
12:58 of 3rd period - Snap shot by Michael Frolik.
12:58 of 3rd period - Shot Misses the Net.
13:40 of 3rd period - Backhand shot by T.J. Oshie.
13:40 of 3rd period - Stopped by Brent Krahn with a rebound.
13:42 of 3rd period - Slapshot by Brian Lee.
13:42 of 3rd period - Stopped by Brent Krahn with a rebound.
13:44 of 3rd period - Snap shot by T.J. Oshie.
13:44 of 3rd period - Shot Misses the Net.
14:14 of 3rd period - Ryan Parent is hit by Peter Worrell and loses puck.
14:35 of 3rd period - Snap shot by Marcus Kruger.
14:35 of 3rd period - Stopped by Brent Krahn with a rebound.
14:37 of 3rd period - Slapshot by Marcus Kruger.
14:37 of 3rd period - Stopped by Brent Krahn without a rebound.
14:38 of 3rd period - Mike Ribeiro wins face-off versus John Tavares in Canucks zone.
14:38 of 3rd period - Mike Ribeiro is hit by Andrei Markov.
14:43 of 3rd period - Alex Goligoski is hit by Radim Vrbata and loses puck.
15:04 of 3rd period - Michael Frolik is hit by Matt Stajan and loses puck.
15:13 of 3rd period - Snap shot by Matt Stajan.
15:13 of 3rd period - Stopped by Miika Kiprusoff with a rebound.
15:31 of 3rd period - Peter Worrell is hit by Maxim Lapierre and loses puck.
15:46 of 3rd period - Slapshot by Sami Lepisto.
15:46 of 3rd period - Stopped by Miika Kiprusoff with a rebound.
15:48 of 3rd period - Slapshot by Nigel Dawes.
15:48 of 3rd period - Stopped by Miika Kiprusoff with a rebound.
15:50 of 3rd period - Snap shot by Nigel Dawes.
15:50 of 3rd period - Shot Blocked by Johnny Oduya.
16:39 of 3rd period - Snap shot by Matt Stajan.
16:39 of 3rd period - Goal by Matt Stajan - Canucks : 3 - Stars : 2.
16:40 of 3rd period - Maxim Lapierre wins face-off versus Michal Handzus in neutral zone.
16:43 of 3rd period - Slapshot by Tom Poti.
16:43 of 3rd period - Stopped by Miika Kiprusoff without a rebound.
16:44 of 3rd period - Maxim Lapierre wins face-off versus Michal Handzus in Stars zone.
16:45 of 3rd period - Wrist shot by Alex Tanguay.
16:45 of 3rd period - Shot Blocked by Trevor Daley.
17:04 of 3rd period - Tom Poti is hit by Michal Handzus.
17:11 of 3rd period - Minor Penalty to Trevor Daley for Holding.
17:12 of 3rd period - Mike Ribeiro wins face-off versus Michal Handzus in Stars zone.
17:56 of 3rd period - Sami Lepisto is hit by Brian Lee and loses puck.
18:15 of 3rd period - Milan Michalek is hit by Marcus Kruger and loses puck.
18:22 of 3rd period - Backhand shot by T.J. Oshie.
18:22 of 3rd period - Shot Misses the Net.
18:24 of 3rd period - Slapshot by Paul Martin.
18:24 of 3rd period - Deflect By Marcus Kruger.
18:24 of 3rd period - Shot Misses the Net.
18:24 of 3rd period - Puck is out of play.
18:25 of 3rd period - Michal Handzus wins face-off versus Matt Stajan in Canucks zone.
18:40 of 3rd period - Wrist shot by T.J. Oshie.
18:40 of 3rd period - Stopped by Brent Krahn without a rebound.
18:41 of 3rd period - Martin St. Louis wins face-off versus Michal Handzus in Canucks zone.
18:59 of 3rd period - Michal Handzus is hit by Milan Michalek and loses puck.
19:11 of 3rd period - Penalty to Trevor Daley is over, Trevor Daley is back on ice.
19:52 of 3rd period - Slapshot by Ryan Parent.
19:52 of 3rd period - Deflect By Maxim Afinogenov.
19:52 of 3rd period - Stopped by Miika Kiprusoff without a rebound.
19:53 of 3rd period - Barry Trotz call a timeout for Stars.
19:53 of 3rd period - John Tavares wins face-off versus Mike Ribeiro in Stars zone.
19:53 of 3rd period - John Tavares is hit by Maxim Afinogenov.
Goals for this period are 1 for Canucks vs 0 for Stars.
Shots for this period are 11 for Canucks vs 13 for Stars.